AoeStats
← Topaxd

Arena

506886614Analyzed
2v2 RM · 15d ago on Sep 15, 2026· 49m 44s· 4 players
Game mode
Random Map
Map size
Medium (4 player)
Population
200
Speed
Normal
Resources
Standard
Victory
Conquest
Starting age
Dark Age
Ending age
Imperial Age
RankedLock teamsTeams togetherTeam positionsShared explorationLock speedFull tech treeHidden civsTurbo modeCheats
Victory
Defeat
🇪🇸 Goths · Spain
541
+14
🇪🇸 Khmer · Spain
537
+14
🇨🇱 Mapuche · Chile
568
-16
🇳🇱 Turks · Netherlands
437
-12
LA TANQUETA
11:35 Feudal Age
16:45 Castle Age
16:31 Double-Bit Axe
21:14 Bow Saw
22:36 Wheelbarrow
23:40 Horse Collar
24:41 Heavy Plow
25:43 Hand Cart
32:09 Imperial Age
31:27 Fletching
31:52 Gold Mining
33:58 Two-Man Saw
35:25 Conscription
35:22 Stone Mining
36:53 Perfusion
37:55 Stone Shaft Mining
37:49 Pikeman
38:32 Squires
39:31 Halberdier
40:27 Forging
40:18 Scale Mail Armor
40:14 Bodkin Arrow
41:06 Elite Huskarl
41:55 Caravan
42:38 Anarchy
42:54 Bracer
43:10 Chain Mail Armor
43:30 Iron Casting
mendiallianza
3:13 Loom
11:52 Feudal Age
12:26 Town Watch
13:02 Double-Bit Axe
13:01 Horse Collar
14:14 Wheelbarrow
20:45 Castle Age
22:12 Hand Cart
22:12 Bow Saw
22:06 Heavy Plow
22:37 Forging
23:04 Scale Mail Armor
24:55 Fletching
26:38 Bodkin Arrow
28:53 Padded Archer Armor
29:52 Town Patrol
29:38 Pikeman
30:42 Leather Archer Armor
32:24 Gold Mining
32:26 Stone Mining
35:46 Imperial Age
33:32 Scale Barding Armor
36:28 Iron Casting
37:56 Elite Ballista Elephant
38:39 Double Crossbow
38:54 Bracer
40:05 Blast Furnace
40:23 Chemistry
39:33 Halberdier
41:24 Chain Mail Armor
42:39 Conscription
43:38 Ring Archer Armor
43:29 Chain Barding Armor
45:00 Gold Shaft Mining
49:31 Plate Barding Armor
Topaxd
4:39 Loom
10:55 Feudal Age
11:53 Horse Collar
13:02 Champi Runner
14:38 Arson
15:57 Double-Bit Axe
17:56 Horse Collar
20:23 Town Watch
22:10 Forging
23:19 Wheelbarrow
29:13 Castle Age
27:40 Gold Mining
27:46 Stone Mining
28:25 Scale Mail Armor
28:19 Fletching
28:32 Padded Archer Armor
29:14 Champi Warrior
31:08 Bow Saw
32:38 Pikeman
34:47 Town Patrol
36:06 Iron Casting
35:48 Chain Mail Armor
36:51 Malon
37:07 Heavy Plow
42:55 Imperial Age
41:44 Gold Shaft Mining
41:43 Hand Cart
42:16 Stone Shaft Mining
42:33 Elite Skirmisher
43:17 Capped Ram
45:50 Heavy Scorpion
46:51 Elite Champi Warrior
48:06 Elite Bolas Rider
Nony042
1:12 Loom
14:12 Feudal Age
14:45 Horse Collar
15:01 Gold Mining
18:56 Wheelbarrow
21:50 Castle Age
20:11 Stone Mining
23:18 Heavy Plow
23:08 Double-Bit Axe
26:53 Murder Holes
27:24 Bow Saw
28:37 Ballistics
29:42 Fletching
30:03 Forging
29:54 Padded Archer Armor
30:56 Hand Cart
30:27 Town Watch
32:03 Crossbowman
36:22 Imperial Age
34:17 Fortified Wall
33:48 Treadmill Crane
34:54 Thumb Ring
36:10 Leather Archer Armor
35:51 Bodkin Arrow
36:32 Iron Casting
36:54 Town Patrol
38:18 Squires
38:03 Arson
39:38 Ring Archer Armor
39:09 Bracer
40:10 Blast Furnace
39:23 Masonry
41:04 Gold Shaft Mining
41:23 Artillery
41:45 Conscription
43:37 Two-Man Saw
44:35 Heated Shot
Connection lost

Rejoining the realm…

Still unreachable

The connection could not be restored.

Session expired

The server has moved on; the page needs a fresh start.